 Dungeon Crawl Stone Soup version 0.16.2-12-gd0ad4c3 (webtiles) character file.

86 schauveau the Digger (level 4, 0/24 HPs)
             Began as a Gargoyle Earth Elementalist on Oct 31, 2015.
             Killed by divine providence
             ... invoked by an orc priest
              (9 damage)
             ... on level 3 of the Dungeon.
             The game lasted 00:06:35 (2149 turns).

schauveau the Digger (Gargoyle Earth Elementalist)  Turns: 2149, Time: 00:06:35

Health: 0/24       AC:  5    Str: 11    XL:     4   Next: 49%
Magic:  9/9        EV: 12    Int: 17    God:
Gold:   130        SH:  0    Dex: 10    Spells: 1 memorised, 8 levels left

rFire  . . .     SeeInvis .     k - +0 short sword
rCold  . . .     Clarity  .     c - +0 robe
rNeg   + . .     SustAb   .     (no shield)
rPois  ∞         Gourm    .     (no helmet)
rElec  +         Spirit   .     (no cloak)
rCorr  +         Warding  .     (no gloves)
rMut   .         Stasis   .     (no boots)
MR     .....                    v - amulet of resist corrosion
Stlth  ++........               (no ring)
                                (no ring)

@: not resistant to hostile enchantments, unstealthy
A: negative energy resistance 1, electricity resistance, unbreathing,
petrification resistance, rot immunity, AC +3
a: no special abilities


You were on level 3 of the Dungeon.
You were not hungry.

You visited 1 branch of the dungeon, and saw 3 of its levels.

You collected 130 gold pieces.

Inventory:

Hand weapons
 g - a +0 dagger
 k - a +0 short sword (weapon)
 r - a +0 mace
 u - a +0 dagger
Missiles
 b - 66 stones (quivered)
 p - 24 sling bullets
Armour
 c - a +0 robe (worn)
Jewellery
 v - an amulet of resist corrosion (around neck)
Magical devices
 q - a wand of flame (30)
Scrolls
 e - a scroll of enchant weapon {unknown}
 f - a scroll of recharging {unknown}
 l - a scroll of fog {unknown}
 n - a scroll of remove curse {unknown}
 o - 4 scrolls of identify {unknown}
Potions
 h - a potion of lignification {unknown}
 i - 2 potions of agility {unknown}
 j - a potion of brilliance {unknown}
 t - a potion of restore abilities {unknown}
 w - a potion of mutation {unknown}
 x - a potion of haste {unknown}
 A - a potion of poison {unknown}
Books
 d - a book of Geomancy

   Spells                             Type                      Level
   a - Sandblast                      Earth                        1
   b - Stoneskin                      Transmutation/Earth          2
   c - Passwall                       Transmutation/Earth          3
   d - Stone Arrow                    Conjuration/Earth            3
   e - Petrify                        Transmutation/Earth          4
   f - Lee's Rapid Deconstruction     Earth                        5
Comestibles
 a - 3 bread rations
 m - a slice of pizza
 s - a chunk of flesh
 z - a meat ration


   Skills:
 - Level 1.5 Dodging
 - Level 2.1 Stealth
 + Level 3.1 Spellcasting
   Level 0.7 Transmutations
 + Level 5.2 Earth Magic


You had 8 spell levels left.
You knew the following spells:

 Your Spells              Type           Power        Failure   Level  Hunger
a - Sandblast             Erth           ###...       1%          1    None


Dungeon Overview and Level Annotations

Branches:
Dungeon (3/15)

Altars:
The Shining One


Innate Abilities, Weirdness & Mutations

You are resistant to torment.
You are immune to poison.
Your stone body is very resilient (AC +3).
You resist negative energy.
You are resistant to electric shocks.
You can survive without breathing.
You are immune to petrification.
You are immune to rotting.


Message History

The orc priest hits you.
A jackal comes into view.
You barely miss the orc priest.
The jackal barks!
The jackal barely misses you. The orc priest hits you.
The jackal closely misses you.
A ball python comes into view.
You hit the orc priest.
The orc priest is lightly wounded.
The jackal barely misses you. The kobold hits you but does no damage.
The jackal barely misses you.
An orc comes into view. It is wielding a flail.
You barely miss the orc. The orc priest closely misses you.
The kobold hits you but does no damage. The jackal closely misses you.
You closely miss the adder. The jackal barely misses you. The adder bites you.
The orc priest hits you. The orc closely misses you.
The kobold closely misses you. The jackal completely misses you.
The orc priest mumbles some strange prayers to Beogh against you.
Something smites you!
You die...

.#.############
#.o...Ko......###########
#...SohS@.(...)..........
#...!.ho......###########
##................ ..
#.#####################.
# ..........#.
#########.#. #... #...
#...


You could see an orc priest, an adder, 3 orcs, 2 jackals, a ball python and a
kobold.

Vanquished Creatures
  Jessica (D:2)
  3 adders
  2 giant cockroaches
  5 hobgoblins
  3 jackals (D:2)
  4 kobolds
  4 bats
  3 giant newts
  13 goblins
  A rat (D:2)
39 creatures vanquished.

Notes
Turn   | Place    | Note
--------------------------------------------------------------
     0 | D:1      | schauveau, the Gargoyle Earth Elementalist, began the quest for the Orb.
     0 | D:1      | Reached XP level 1. HP: 10/10 MP: 3/3
   332 | D:1      | Reached XP level 2. HP: 9/15 MP: 0/5
   416 | D:1      | Reached skill level 4 in Earth Magic
   446 | D:2      | Found a glowing golden altar of the Shining One.
   787 | D:1      | Reached XP level 3. HP: 19/19 MP: 1/6
  1420 | D:2      | Noticed Jessica
  1427 | D:2      | Killed Jessica
  1427 | D:2      | Reached XP level 4. HP: 24/24 MP: 5/9
  1461 | D:2      | Reached skill level 5 in Earth Magic
  2149 | D:3      | Killed from afar by an orc priest

Action                   |  1- 3 |  4- 6 || total
-------------------------+-------+-------++-------
Melee: Dagger            |    17 |       ||    17
       Short sword       |    14 |    23 ||    37
       Unarmed           |     3 |       ||     3
 Cast: Sandblast         |    40 |    27 ||    67
  Eat: Chunk             |     2 |     2 ||     4
